 Dungeon Crawl Stone Soup version 0.17.0-24-gcfadda4 (console) character file.

1819 gw the Insei (level 8, -1/63 HPs)
             Began as a Demonspawn Monk on Nov 16, 2015.
             Was a Priest of Yredelemnul.
             Slain by Edmund
             ... wielding a +1 flail of protection
              (9 damage)
             ... on level 6 of the Dungeon.
             The game lasted 00:05:43 (6140 turns).

gw the Insei (Demonspawn Monk)                      Turns: 6140, Time: 00:05:44

Health: -1/63      AC:  5    Str: 15    XL:     8   Next: 85%
Magic:  11/11      EV: 10    Int: 11    God:    Yredelemnul [***...]
Gold:   338        SH:  0    Dex: 17    Spells: 0 memorised, 7 levels left

rFire  . . .     SeeInvis +       - Unarmed
rCold  . . .     Clarity  .     r - +0 scale mail
rNeg   . . .     SustAt   .     (no shield)
rPois  .         Gourm    .     (helmet restricted)
rElec  .         Spirit   .     h - +0 cloak
rCorr  .         Warding  .     (no gloves)
rMut   .         Stasis   .     (no boots)
MR     .....                    d - amulet of faith
Stlth  +.........               (no ring)
                                v - ring of see invisible

@: not resistant to hostile enchantments, very unstealthy
A: claws 1, hooves 1, horns 1, deformed body, powered by death 1, strong 1
a: Recall Undead Slaves, Injury Mirror, Animate Dead, Renounce Religion


You were on level 6 of the Dungeon.
You worshipped Yredelemnul.
Yredelemnul was most pleased with you.
You were not hungry.

You visited 1 branch of the dungeon, and saw 6 of its levels.

You collected 338 gold pieces.

Inventory:

Missiles
 k - 120 stones (quivered)
 o - 11 poisoned needles
Armour
 h - a +0 cloak (worn)
 r - a +0 scale mail (worn)
Jewellery
 d - an amulet of faith (around neck)
 v - a ring of see invisible (left claw)
Wands
 e - a wand of polymorph (13)
Scrolls
 c - 3 scrolls of noise
 g - a scroll of amnesia
 j - 7 scrolls of identify
 n - 2 scrolls of remove curse
Potions
 i - 2 potions of curing
 s - a potion of haste
Comestibles
 a - a royal jelly
 b - 4 bread rations
 l - a slice of pizza
 p - a meat ration
 q - 3 fruits
 t - 2 beef jerkies


   Skills:
 + Level 5.6 Fighting
 + Level 4.1 Throwing
 + Level 4.0 Armour
 - Level 2.6 Dodging
 - Level 1.7 Stealth
 * Level 7.2 Unarmed Combat
 + Level 5.1 Invocations


You had 7 spell levels left.
You didn't know any spells.

Dungeon Overview and Level Annotations

Branches:
Dungeon (6/15)             Temple (0/1) D:4

Altars:
Dithmenos
Gozag
Makhleb
Nemelex Xobeh
Xom
Yredelemnul

Annotations:
D:6 Edmund


Innate Abilities, Weirdness & Mutations

You have sharp fingernails.
You have large cloven feet.
You regenerate a little health from kills.
You have a pair of small horns on your head.
Armour fits poorly on your strangely shaped body.
Your muscles are strong. (Str +2)


Message History

The killer bee zombie hits your ogre zombie!
ATTACKING (1,1)
You scratch Edmund. Your headbutt misses Edmund.
Edmund is heavily wounded.
The killer bee zombie hits your ogre zombie.
Edmund closely misses you.
Your ogre zombie barely misses the killer bee zombie.
The killer bee zombie hits your ogre zombie.
ATTACKING (1,1)
You closely miss Edmund.
Edmund is heavily wounded.
The killer bee zombie hits your ogre zombie!
ATTACKING (1,1)
Your scale mail prevents you from hitting Edmund.
Your kick misses Edmund.
Edmund is heavily wounded.
The killer bee zombie hits your ogre zombie.
Edmund hits you with a flail of protection!
You die...
Your body rises from the dead as a mindless zombie.

# #......#.###.#####.##....# ##
#.##.#.#..[..# #....#..# .#
#.#....####### #.#.###.# .#
#.#....# #.##.#..# .# #.#....#
#.###.#.# .# #.##.#.##
######.......# .#####.......#
.....#####.###
ZZZ....##.##.####)....#####.####
.......##.#..ZZZ6%....##.<.....##
.......##.#..####@....##.##.....#
.#####.##.#..# .....##.##.....#
.# #.##.#..# #######.##.....# .#
#.......###### #.##.....# .#
####.........# #.##.....# .#
#.#######.######.......## ## #.#
#.....#######.## #.# #.###.# #.#


You could see Edmund, a killer bee zombie, a friendly quokka zombie and a
friendly ogre zombie.

Table legend:
 A = Turns spent in this place as a percentage of turns spent in the entire game.
 B = Non-inter-level travel turns spent in this place as a percentage of non-inter-level travel turns spent in the entire game.
 C = Inter-level travel turns spent in this place as a percentage of turns spent in this place.
 D = Turns resting spent in this place as a percentage of non-inter-level travel turns spent in this place.
 E = Turns spent auto-exploring this place as a percentage of non-inter-level travel turns spent in this place.
 F = Non-inter-level travel turns spent in this place divided by the number of levels of this place that you've seen.
                   A       B       C       D       E      F
               +-------+-------+-------+-------+-------+----------------------
         Total | 100.0 | 100.0 |   0.6 |   1.2 |   2.1 | 1673.8
       Dungeon | 100.0 | 100.0 |   0.6 |   1.2 |   2.1 | 1673.8
               +-------+-------+-------+-------+-------+----------------------

Table legend:
 A = Kills in this place as a percentage of kills in entire the game.
 B = Kills by you in this place as a percentage of kills by you in the entire game.
 C = Kills by friends in this place as a percentage of kills by friends in the entire game.
 D = Other kills in this place as a percentage of other kills in the entire game.
 E = Experience gained in this place as a percentage of experience gained in the entire game.
 F = Experience gained in this place divided by the number of levels of this place that you have seen.
                   A       B       C       D       E      F
               +-------+-------+-------+-------+-------+----------------------
         Total | 100.0 | 100.0 | 100.0 |  -nan | 100.0 | 433.2
       Dungeon | 100.0 | 100.0 | 100.0 |  -nan | 100.0 | 433.2
               +-------+-------+-------+-------+-------+----------------------

Vanquished Creatures
  2 ice beasts (D:6)
  A phantom (D:6)
  2 sky beasts (D:6)
  2 centaurs (D:6)
  An eye of draining (D:6)
  3 ogres
  Blork the orc (D:4)
  A scorpion (D:4)
  4 crimson imps
  An orc priest (D:6)
  9 hounds
  A centaur skeleton (D:4)
  Jessica (D:3)
  An iguana (D:4)
  An orc wizard (D:4)
  A worker ant (D:5)
  2 worker ant zombies
  8 adders
  An ooze (D:2)
  2 adder zombies
  2 worms
  3 giant geckos
  7 orcs
  4 giant cockroaches
  7 goblins
  3 hobgoblins
  17 jackals
  2 quokkas (D:6)
  A ball python (D:4)
  5 bats
  5 giant newts
  2 gnoll zombies (D:2)
  A jackal zombie (D:5)
  12 kobolds
  A quokka skeleton (D:4)
  11 rats
128 creatures vanquished.

Vanquished Creatures (collateral kills)
  A jackal (D:2)
  A giant gecko skeleton (D:4)
  2 goblins (D:3)
  A jackal zombie (D:6)
  A kobold (D:3)
6 creatures vanquished.

Vanquished Creatures (others)
  3 hound zombies
  An orc zombie (D:6)
  2 adder zombies
  2 jackal zombies
  A rat zombie (D:3)
9 creatures vanquished.

Grand Total: 143 creatures vanquished

Notes
Turn   | Place    | Note
--------------------------------------------------------------
     0 | D:1      | gw the Demonspawn Monk began the quest for the Orb.
     0 | D:1      | Reached XP level 1. HP: 18/18 MP: 1/1
   421 | D:1      | Gained mutation: You regenerate a little health from kills. [demonic ancestry]
   421 | D:1      | Reached XP level 2. HP: 24/24 MP: 2/2
  1167 | D:1      | You fall through a shaft!
  1222 | D:2      | Reached skill level 1 in Armour
  1296 | D:2      | Reached XP level 3. HP: 29/29 MP: 3/3
  1488 | D:2      | Reached skill level 4 in Unarmed Combat
  1527 | D:2      | Reached skill level 1 in Throwing
  1990 | D:2      | Found a basalt altar of Yredelemnul.
  2000 | D:2      | Became a worshipper of Yredelemnul the Dark
  2000 | D:2      | Reached * piety under Yredelemnul
  2000 | D:2      | Reached ** piety under Yredelemnul
  2083 | D:2      | Gained mutation: You have sharp fingernails. [demonic ancestry]
  2083 | D:2      | Reached XP level 4. HP: 31/35 MP: 1/4
  2395 | D:3      | Found a shimmering altar of Xom.
  2472 | D:3      | Found a shadowy altar of Dithmenos.
  2743 | D:3      | Found a sparkling altar of Nemelex Xobeh.
  2894 | D:3      | Noticed Jessica
  2902 | D:3      | Killed Jessica
  2902 | D:3      | Reached skill level 1 in Invocations
  3199 | D:4      | Noticed Blork the orc
  3203 | D:4      | Killed Blork the orc
  3203 | D:4      | Reached XP level 5. HP: 31/42 MP: 4/6
  3394 | D:4      | Reached XP level 6. HP: 48/48 MP: 7/7
  3568 | D:4      | Reached skill level 5 in Unarmed Combat
  3599 | D:4      | Reached *** piety under Yredelemnul
  3875 | D:4      | Found a burning altar of Makhleb.
  3875 | D:4      | Noticed a green death
  4118 | D:4      | Found a staircase to the Ecumenical Temple.
  4314 | D:4      | Gained mutation: Armour fits poorly on your strangely shaped body. [potion of mutation]
  4314 | D:4      | Gained mutation: You have a pair of small horns on your head. [potion of mutation]
  4314 | D:4      | Gained mutation: Your muscles are strong. (Str +2) [potion of mutation]
  4324 | D:5      | Entered Level 5 of the Dungeon
  4395 | D:5      | Gained mutation: You have large cloven feet. [demonic ancestry]
  4395 | D:5      | Reached XP level 7. HP: 52/54 MP: 9/9
  4869 | D:5      | Found an opulent altar of Gozag.
  4877 | D:5      | Reached skill level 6 in Unarmed Combat
  5221 | D:6      | Reached XP level 8. HP: 61/61 MP: 10/10
  5335 | D:6      | Reached skill level 5 in Fighting
  5920 | D:6      | Reached skill level 7 in Unarmed Combat
  6110 | D:6      | Noticed Edmund
  6121 | D:6      | Reached skill level 5 in Invocations
  6140 | D:6      | Slain by Edmund

Action                   |  1- 3 |  4- 6 |  7- 9 || total
-------------------------+-------+-------+-------++-------
Melee: Unarmed           |   203 |   189 |   190 ||   582
Throw: Stone             |    20 |    51 |    61 ||   132
       Tomahawk          |    23 |    45 |     9 ||    77
Invok: Animate Remains   |     2 |    11 |       ||    13
       Animate Dead      |       |     3 |     5 ||     8
  Use: Potion            |       |     9 |       ||     9
       Scroll            |       |     8 |     1 ||     9
 Stab: Sleeping          |     3 |     2 |     1 ||     6
  Eat: Chunk             |     4 |     9 |     6 ||    19

Vault maps used:
D:1:      dpeg_chamrin_arrival_tetris
D:2:      minmay_kobold_bridge, lemuel_zombie_altar_yredelemnul
D:3:      nicolae_dithmenos_shadow_blocks, nemelex_altar_shiori,
          xom_teletrap_fun, uniq_jessica
D:4:      makhleb_altar_promises_db, minmay_temple_entry_nine_rooms,
          glass_columns_c, kennysheep_generic_room_13, uniq_blork_the_orc
D:5:      lemuel_round_altar, first_bread
D:6:      uniq_edmund
